| TOP OF THE 1ST |
|
Calgary Flames batting - Pitching for Houston Colt .45's : RHP Kurt Carr
|
|
Pitching: RHP Kurt Carr
|
|
|
Batting: LHB Garrett Dodge
|
0-0: Called Strike 0-1: Called Strike 0-2: Ball 1-2: Strikes out swinging
|
|
Batting: RHB Antonio Martinez
|
0-0: DOUBLE (Groundball, 5L, EV 103.1 MPH)
|
|
Batting: RHB Alejandro Patron
|
0-0: Called Strike 0-1: Ball 1-1: Ball 2-1: Swinging Strike 2-2: Ground out 4-3 (Groundball, 4MS, EV 75.6 MPH) Antonio Martinez to third
|
|
Batting: LHB Gary Corrales
|
0-0: Swinging Strike 0-1: Ball 1-1: Called Strike 1-2: Strikes out looking
|
| Top of the 1st over - 0 runs, 1 hit, 0 errors, 1 left on base; Calgary 0 - Houston 0 |
| BOTTOM OF THE 1ST |
|
Houston Colt .45's batting - Pitching for Calgary Flames : LHP Tony Duque
|
|
Pitching: LHP Tony Duque
|
|
|
Batting: RHB Bill Borden
|
0-0: Swinging Strike 0-1: Ball 1-1: Foul Ball, location: 2F 1-2: Foul Ball, location: 2F 1-2: Ball 2-2: Fly out, F4 (Line Drive, 4, EV 69.4 MPH)
|
|
Batting: LHB Bert Middleton
|
0-0: Swinging Strike 0-1: Called Strike 0-2: Ball 1-2: Ball 2-2: Foul Ball, location: 2F 2-2: Strikes out swinging
|
|
Batting: RHB Josh Reisner
|
0-0: Fly out, F8 (Flyball, 78D, EV 91.9 MPH)
|
| Bottom of the 1st over - 0 runs, 0 hits, 0 errors, 0 left on base; Calgary 0 - Houston 0 |
| TOP OF THE 2ND |
|
Calgary Flames batting - Pitching for Houston Colt .45's : RHP Kurt Carr
|
|
Batting: RHB Andy Thomas
|
0-0: Called Strike 0-1: Ground out 5-3 (Groundball, 56S, EV 82.5 MPH)
|
|
Batting: LHB Bruce Daley
|
0-0: Ball 1-0: Ball 2-0: Called Strike 2-1: Foul Ball, location: 2F 2-2: Strikes out swinging
|
|
Batting: RHB Tyler Johnson
|
0-0: Called Strike 0-1: Ball 1-1: Called Strike 1-2: Ball 2-2: SINGLE (Line Drive, 34D, EV 101.9 MPH)
|
|
Batting: RHB Rod Johnson
|
0-0: Called Strike 0-1: Foul Ball, location: 2F 0-2: Strikes out swinging
|
| Top of the 2nd over - 0 runs, 1 hit, 0 errors, 1 left on base; Calgary 0 - Houston 0 |
| BOTTOM OF THE 2ND |
|
Houston Colt .45's batting - Pitching for Calgary Flames : LHP Tony Duque
|
|
Batting: LHB Vecdi Hodensack
|
0-0: Ground out 4-3 (Groundball, 4M, EV 83.1 MPH)
|
|
Batting: RHB Jamie Walker
|
0-0: Ball 1-0: Ball 2-0: Foul Ball, location: 2F 2-1: Foul Ball, location: 2F 2-2: Foul Ball, location: 2F 2-2: Ball 3-2: Fly out, F7 (Flyball, 7LM, EV 94.4 MPH)
|
|
Batting: RHB Fernando Acosta
|
0-0: Ball 1-0: Swinging Strike 1-1: Swinging Strike 1-2: Strikes out looking
|
| Bottom of the 2nd over - 0 runs, 0 hits, 0 errors, 0 left on base; Calgary 0 - Houston 0 |
| TOP OF THE 3RD |
|
Calgary Flames batting - Pitching for Houston Colt .45's : RHP Kurt Carr
|
|
Batting: RHB Pablo Henriquez
|
0-0: Ball 1-0: Foul Ball, location: 2F 1-1: Foul Ball, location: 2F 1-2: SINGLE (Line Drive, 34D, EV 97.5 MPH)
|
|
Batting: LHB Garrett Dodge
|
0-0: 2-RUN HOME RUN (Flyball, 9D, EV 95.6 MPH), Distance : 373 ft
|
|
Batting: RHB Antonio Martinez
|
0-0: Ground out 4-3 (Groundball, 34, EV 99.4 MPH)
|
|
Batting: RHB Alejandro Patron
|
0-0: Ball 1-0: Fly out, F8 (Flyball, 8LXD, EV 94.4 MPH)
|
|
Batting: LHB Gary Corrales
|
0-0: DOUBLE (Line Drive, 7LS, EV 106.2 MPH)
|
|
Batting: RHB Andy Thomas
|
0-0: Ground out 6-3 (Groundball, 6, EV 85.0 MPH)
|
| Top of the 3rd over - 2 runs, 3 hits, 0 errors, 1 left on base; Calgary 2 - Houston 0 |
| BOTTOM OF THE 3RD |
|
Houston Colt .45's batting - Pitching for Calgary Flames : LHP Tony Duque
|
|
Batting: RHB Tim Williams
|
0-0: Called Strike 0-1: Called Strike 0-2: Strikes out looking
|
|
Batting: RHB Kenny Beall
|
0-0: SINGLE (Line Drive, 4D, EV 95.0 MPH)
|
|
Batting: LHB Casper Significant
|
0-0: SINGLE (Groundball, 25, EV 71.2 MPH) (infield hit) Kenny Beall to second
|
|
Batting: RHB Bill Borden
|
0-0: Swinging Strike 0-1: Ball 1-1: Called Strike 1-2: Strikes out swinging
|
|
Batting: LHB Bert Middleton
|
0-0: Called Strike 0-1: Foul Ball, location: 2F 0-2: Ball 1-2: Ball 2-2: Strikes out swinging
|
| Bottom of the 3rd over - 0 runs, 2 hits, 0 errors, 2 left on base; Calgary 2 - Houston 0 |
| TOP OF THE 4TH |
|
Calgary Flames batting - Pitching for Houston Colt .45's : RHP Kurt Carr
|
|
Batting: LHB Bruce Daley
|
0-0: Ball 1-0: Fly out, F9 (Flyball, 9D, EV 98.8 MPH)
|
|
Batting: RHB Tyler Johnson
|
0-0: Called Strike 0-1: Ground out 5-3 (Groundball, 56, EV 83.8 MPH)
|
|
Batting: RHB Rod Johnson
|
0-0: Ball 1-0: Called Strike 1-1: Ball 2-1: Swinging Strike 2-2: Ball 3-2: Strikes out looking
|
| Top of the 4th over - 0 runs, 0 hits, 0 errors, 0 left on base; Calgary 2 - Houston 0 |
| BOTTOM OF THE 4TH |
|
Houston Colt .45's batting - Pitching for Calgary Flames : LHP Tony Duque
|
|
Batting: RHB Josh Reisner
|
0-0: Fly out, F7 (Flyball, 7D, EV 99.4 MPH)
|
|
Batting: LHB Vecdi Hodensack
|
0-0: Ball 1-0: Foul Ball, location: 2F 1-1: Ball 2-1: Fly out, F7 (Flyball, 7, EV 88.1 MPH)
|
|
Batting: RHB Jamie Walker
|
0-0: Ball 1-0: Ball 2-0: Ball 3-0: Called Strike 3-1: Called Strike 3-2: Base on Balls
|
|
Batting: RHB Fernando Acosta
|
0-0: Swinging Strike 0-1: Ground out 4-3 (Groundball, 4MS, EV 61.2 MPH)
|
| Bottom of the 4th over - 0 runs, 0 hits, 0 errors, 1 left on base; Calgary 2 - Houston 0 |
| TOP OF THE 5TH |
|
Calgary Flames batting - Pitching for Houston Colt .45's : RHP Kurt Carr
|
|
Batting: RHB Pablo Henriquez
|
0-0: Ball 1-0: Swinging Strike 1-1: Called Strike 1-2: Foul Ball, location: 2F 1-2: Ball 2-2: Ball 3-2: Base on Balls
|
|
Batting: LHB Garrett Dodge
|
0-0: Ball 1-0: Ball 2-0: Foul Ball, location: 2F 2-1: Called Strike 2-2: Fly out, F7 (Flyball, 7, EV 73.8 MPH)
|
|
Batting: RHB Antonio Martinez
|
0-0: Ball 1-0: Called Strike 1-1: Ball 2-1: Foul Ball, location: 2F 2-2: Ball 3-2: Foul Ball, location: 2F 3-2: Strikes out looking
|
|
Batting: RHB Alejandro Patron
|
0-0: Called Strike 0-1: Fly out, F3 (Popup, 3F, EV 76.9 MPH)
|
| Top of the 5th over - 0 runs, 0 hits, 0 errors, 1 left on base; Calgary 2 - Houston 0 |
| BOTTOM OF THE 5TH |
|
Houston Colt .45's batting - Pitching for Calgary Flames : LHP Tony Duque
|
|
Batting: RHB Tim Williams
|
0-0: Ball 1-0: Ball 2-0: Called Strike 2-1: Called Strike 2-2: Ball 3-2: Fly out, F4 (Popup, 34, EV 65.6 MPH)
|
|
Batting: RHB Kenny Beall
|
0-0: Fly out, F8 (Flyball, 78M, EV 90.0 MPH)
|
|
Batting: LHB Casper Significant
|
0-0: Ball 1-0: Ball 2-0: Ball 3-0: Called Strike 3-1: Foul Ball, location: 2F 3-2: Fly out, F7 (Flyball, 7LM, EV 86.2 MPH)
|
| Bottom of the 5th over - 0 runs, 0 hits, 0 errors, 0 left on base; Calgary 2 - Houston 0 |
| TOP OF THE 6TH |
|
Calgary Flames batting - Pitching for Houston Colt .45's : RHP Kurt Carr
|
|
Batting: LHB Gary Corrales
|
0-0: Foul Ball, location: 2F 0-1: Ball 1-1: Ball 2-1: Fly out, F8 (Flyball, 8LM, EV 92.5 MPH)
|
|
Batting: RHB Andy Thomas
|
0-0: Fly out, F8 (Flyball, 89M, EV 78.1 MPH)
|
|
Batting: LHB Bruce Daley
|
0-0: Ball 1-0: Ball 2-0: Ground out 6-3 (Groundball, 6, EV 106.9 MPH)
|
| Top of the 6th over - 0 runs, 0 hits, 0 errors, 0 left on base; Calgary 2 - Houston 0 |
| BOTTOM OF THE 6TH |
|
Houston Colt .45's batting - Pitching for Calgary Flames : LHP Tony Duque
|
|
Batting: RHB Bill Borden
|
0-0: Ball 1-0: Fly out, F6 (Popup, 6M, EV 66.9 MPH)
|
|
Batting: LHB Bert Middleton
|
0-0: Swinging Strike 0-1: Ball 1-1: Ball 2-1: Foul Ball, location: 2F 2-2: Strikes out swinging
|
|
Batting: RHB Josh Reisner
|
0-0: Called Strike 0-1: Ball 1-1: Called Strike 1-2: Strikes out swinging
|
| Bottom of the 6th over - 0 runs, 0 hits, 0 errors, 0 left on base; Calgary 2 - Houston 0 |
| TOP OF THE 7TH |
|
Calgary Flames batting - Pitching for Houston Colt .45's : RHP Kurt Carr
|
|
Batting: RHB Tyler Johnson
|
0-0: Swinging Strike 0-1: Called Strike 0-2: Ball 1-2: Strikes out swinging
|
|
Batting: RHB Rod Johnson
|
0-0: Ball 1-0: Foul Ball, location: 2F 1-1: Swinging Strike 1-2: Ball 2-2: Strikes out swinging, 2-3 out at first.
|
|
Batting: RHB Pablo Henriquez
|
0-0: Ground out 6-3 (Groundball, 6MS, EV 70.0 MPH)
|
| Top of the 7th over - 0 runs, 0 hits, 0 errors, 0 left on base; Calgary 2 - Houston 0 |
| BOTTOM OF THE 7TH |
|
Houston Colt .45's batting - Pitching for Calgary Flames : LHP Tony Duque
|
|
Batting: LHB Vecdi Hodensack
|
0-0: Ground out 6-3 (Groundball, 6, EV 88.8 MPH)
|
|
Batting: RHB Jamie Walker
|
0-0: Called Strike 0-1: Ball 1-1: Ground out 4-3 (Groundball, 4M, EV 88.1 MPH)
|
|
Batting: RHB Fernando Acosta
|
0-0: Foul Ball, location: 2F 0-1: Ball 1-1: Ball 2-1: Foul Ball, location: 2F 2-2: Strikes out swinging
|
| Bottom of the 7th over - 0 runs, 0 hits, 0 errors, 0 left on base; Calgary 2 - Houston 0 |
| TOP OF THE 8TH |
|
Calgary Flames batting - Pitching for Houston Colt .45's : RHP Kurt Carr
|
|
Pitching: LHP Frank Vazquez
|
|
|
Pinch Hitting: RHB Norinaga Yamakawakamatsu
|
0-0: Foul Ball, location: 2F 0-1: Ball 1-1: Ball 2-1: Swinging Strike 2-2: Ball 3-2: Ground out 6-3 (Groundball, 6MS, EV 76.9 MPH)
|
|
Pitching: LHP Manny Muniz
|
|
|
Batting: RHB Antonio Martinez
|
0-0: Ball 1-0: Ground out 4-3 (Groundball, 4, EV 98.8 MPH)
|
|
Batting: RHB Alejandro Patron
|
0-0: Called Strike 0-1: Swinging Strike 0-2: Strikes out looking
|
| Top of the 8th over - 0 runs, 0 hits, 0 errors, 0 left on base; Calgary 2 - Houston 0 |
| BOTTOM OF THE 8TH |
|
Houston Colt .45's batting - Pitching for Calgary Flames : LHP Tony Duque
|
|
Pitching: RHP Dylan Aceituno
|
|
|
Now in RF: Norinaga Yamakawakamatsu
|
|
|
Pinch Hitting: SHB Terciero Ortiz
|
0-0: Called Strike 0-1: Ball 1-1: Swinging Strike 1-2: Strikes out swinging
|
|
Batting: RHB Kenny Beall
|
0-0: Ball 1-0: Ground out 6-3 (Groundball, 6, EV 98.1 MPH)
|
|
Batting: LHB Casper Significant
|
0-0: Called Strike 0-1: Foul Ball, location: 2F 0-2: Ball 1-2: Foul Ball, location: 2F 1-2: Fly out, F7 (Line Drive, 7, EV 103.8 MPH)
|
| Bottom of the 8th over - 0 runs, 0 hits, 0 errors, 0 left on base; Calgary 2 - Houston 0 |
| TOP OF THE 9TH |
|
Calgary Flames batting - Pitching for Houston Colt .45's : LHP Manny Muniz
|
|
Now at 2B: Terciero Ortiz
|
|
|
Batting: LHB Gary Corrales
|
0-0: Called Strike 0-1: Ball 1-1: Ball 2-1: Foul Ball, location: 2F 2-2: Strikes out swinging
|
|
Batting: RHB Willie Torres
|
0-0: Called Strike 0-1: Ground out 6-3 (Groundball, 6, EV 87.5 MPH)
|
|
Batting: LHB Bruce Daley
|
0-0: Ball 1-0: Ball 2-0: Foul Ball, location: 2F 2-1: Ground out U3 (Groundball, 34S, EV 82.5 MPH)
|
| Top of the 9th over - 0 runs, 0 hits, 0 errors, 0 left on base; Calgary 2 - Houston 0 |
| BOTTOM OF THE 9TH |
|
Houston Colt .45's batting - Pitching for Calgary Flames : RHP Dylan Aceituno
|
|
Pinch Hitting: LHB Bob Neale
|
0-0: Fly out, F8 (Flyball, 8RD, EV 96.2 MPH)
|
|
Batting: LHB Bert Middleton
|
0-0: Ball 1-0: SINGLE (Groundball, 34S, EV 73.8 MPH) (infield hit)
|
|
Batting: RHB Josh Reisner
|
0-0: Ball 1-0: Foul Ball, location: 2F 1-1: Called Strike 1-2: Foul Ball, location: 2F 1-2: Ball 2-2: Ball 3-2: Foul Ball, location: 2F 3-2: Foul Ball, location: 2F 3-2: Foul Ball, location: 2F 3-2: Strikes out swinging
|
|
Pitching: RHP Scott Howarth
|
|
|
Batting: LHB Vecdi Hodensack
|
0-0: Ball 1-0: Fly out, F8 (Flyball, 8LM, EV 80.0 MPH)
|
| Bottom of the 9th over - 0 runs, 1 hit, 0 errors, 1 left on base; Calgary 2 - Houston 0 |
|